Map: Catalyst LE

Players

Maru

  • Race: Terran Terran
  • Spawn Location: 11:00

Stats - Winner!

  • Race: Protoss Protoss
  • Spawn Location: 5:00

Event: IEM Season 12 - Katowice

VOD

Have the link to the VOD?

Description

Time

  • Played on: Feb. 26, 2018, 6:44 a.m.
  • Length: 8:27

All games in this series

Show
View Real Time Build Order
Export as new Build Order

Maru Terran 

Build Orders: Cyclone Opening, MMM Bio 

Get SALT Encoding   

  12  0:00  SCV  
  13  0:13  SCV  
  14  0:17  Supply Depot  
  14  0:25  SCV  
  15  0:28  Refinery  
  15  0:38  SCV  
  16  0:44  Barracks  
  16  0:50  SCV  
  17  1:02  SCV  
  18  1:14  SCV  
  19  1:31  Orbital Command, Marine  
  20  1:48  Command Center  
  20  1:55  Factory  
  20  1:59  Barracks Reactor  
  20  2:03  SCV  
  20  2:08  Refinery  
  21  2:15  SCV  
  22  2:19  Supply Depot  
  22  2:27  SCV  
  23  2:41  SCV  
  24  2:44  Cyclone  
  24  2:47  Cyclone  
  30  2:53  SCV  
  30  2:57  Barracks Tech Lab  
  31  2:59  Orbital Command  
  31  3:05  SCV  
  32  3:17  Marine  
  32  3:18  Stimpack  
  33  3:21  Hellion x2  
  33  3:24  SCV  
  33  3:25  SCV  
  39  3:34  Supply Depot  
  39  3:36  SCV  
  39  3:39  SCV  
  41  3:44  Barracks  
  41  3:48  SCV  
  42  3:51  SCV  
  42  3:59  Marine  
  42  4:00  SCV  
  44  4:03  SCV  
  44  4:06  Engineering Bay, Factory Tech Lab  
  45  4:12  SCV  
  45  4:15  SCV  
  43  4:18  Barracks  
  43  4:19  Marine  
  44  4:24  SCV  
  44  4:28  SCV  
  46  4:32  Bunker  
  46  4:33  Terran Infantry Weapons Level 1  
  46  4:36  SCV, Marine x2  
  46  4:37  Starport  
  49  4:38  Factory Reactor  
  49  4:42  Supply Depot  
  49  4:43  SCV  
  50  4:47  Marauder  
  52  4:53  SCV  
  52  4:54  Supply Depot  
  52  4:55  SCV  
  54  5:04  Marine x2  
  56  5:07  Supply Depot  
  56  5:09  SCV, Marauder  
  56  5:11  Marauder, Combat Shields  
  61  5:15  Refinery  
  61  5:21  Factory Reactor, Medivac  
  61  5:25  Marine x2  
  61  5:26  Medivac  
  61  5:28  SCV x2  
  69  5:30  Supply Depot  
  69  5:33  Supply Depot  
  69  5:35  Marauder  
  71  5:37  Marauder  
  73  5:43  SCV x2  
  73  5:46  Supply Depot  
  73  5:49  Marine, Concussive Shells  
  74  5:50  Marine  
  74  5:55  SCV x2  
  78  5:59  Marauder x2  
  82  6:05  Widow Mine x2  
  82  6:07  Marine, Medivac  
  82  6:08  SCV  
  90  6:11  Refinery  
  90  6:13  Supply Depot  
  90  6:15  Marine  
  91  6:20  Marine, Medivac  
  94  6:27  Command Center  
  94  6:30  Marine  
  94  6:31  Marauder  
  94  6:38  Marauder  
  92  6:40  Widow Mine x2  
  92  6:42  Supply Depot  
  92  6:48  Marine  
  92  6:51  SCV x2  
  92  6:52  Marauder  
  97  7:00  Barracks  
  97  7:01  Medivac  
  99  7:02  Barracks  
  99  7:03  Medivac  
  99  7:05  SCV x2  
  103  7:11  Widow Mine x2  
  107  7:17  SCV  
  107  7:20  Marine x2, Marauder  
  107  7:21  Marauder  
  114  7:25  Engineering Bay  
  114  7:26  Armory  
  115  7:30  SCV x2  
  115  7:31  Supply Depot  
  116  7:39  Orbital Command  
  116  7:40  Marine  
  116  7:42  Marauder x2  
  119  7:47  SCV x2  
  119  7:49  Marine  
  119  7:50  Marine  
  109  7:59  SCV x2  
  109  8:03  Marauder  
  109  8:05  Marine x2, Marauder  
  104  8:15  SCV x3  
Show
View Real Time Build Order
Export as new Build Order

Stats Protoss - Winner!

Build Orders: 1 Gate Expand, Double Forge, Blink Stalkers 

Get SALT Encoding   

  12  0:01  Probe  
  13  0:13  Probe  
  14  0:17  Pylon  
  14  0:25  Probe (Chrono Boost)  
  15  0:38  Probe (Chrono Boost)  
  15  0:39  Gateway  
  16  0:45  Probe (Chrono Boost)  
  16  0:47  Assimilator  
  17  0:52  Probe  
  18  1:04  Probe  
  19  1:16  Probe  
  20  1:24  Nexus  
  20  1:36  Cybernetics Core  
  20  1:37  Probe  
  21  1:43  Assimilator  
  21  1:50  Probe  
  21  1:53  Pylon  
  22  2:02  Probe  
  23  2:09  Stalker (Chrono Boost)  
  23  2:12  Warp Gate  
  23  2:14  Probe  
  26  2:26  Probe (Chrono Boost)  
  26  2:27  Twilight Council  
  27  2:32  Stalker (Chrono Boost)  
  27  2:36  Probe (Chrono Boost)  
  31  2:44  Probe (Chrono Boost)  
  31  2:45  Probe (Chrono Boost)  
  31  2:50  Probe x2 (Chrono Boost)  
  33  2:55  Stalker  
  36  3:02  Probe x2  
  38  3:08  Blink (Chrono Boost)  
  38  3:14  Probe x2  
  40  3:25  Stalker (Chrono Boost)  
  40  3:26  Probe x2  
  44  3:29  Pylon  
  44  3:37  Shield Battery  
  44  3:38  Probe x2  
  46  3:50  Stalker (Chrono Boost)  
  46  3:53  Probe x2  
  48  3:57  Assimilator  
  48  3:58  Assimilator  
  48  4:03  Robotics Facility  
  48  4:05  Probe x2  
  50  4:17  Probe x2, Forge x2  
  52  4:24  Pylon  
  52  4:27  Gateway  
  52  4:28  Gateway  
  52  4:31  Probe x2  
  54  4:34  Pylon  
  54  4:43  Sentry  
  56  4:47  Protoss Ground Weapons Level 1 (Chrono Boost)  
  56  4:48  Protoss Ground Armor Level 1 (Chrono Boost)  
  56  4:51  Observer  
  57  4:55  Nexus  
  57  5:06  Sentry  
  59  5:08  Gateway  
  59  5:10  Gateway  
  59  5:12  Observer, Gateway  
  60  5:15  Charge  
  60  5:21  Pylon  
  60  5:25  Sentry  
  62  5:33  Immortal (Chrono Boost)  
  66  5:38  Probe x2  
  66  5:39  Pylon  
  68  5:44  Pylon  
  67  6:06  Warp Prism (Chrono Boost)  
  67  6:07  Stalker x4  
  77  6:12  Stalker x2  
  77  6:17  Probe  
  77  6:18  Probe x2  
  84  6:21  Pylon  
  84  6:38  Probe x3, Immortal  
  91  6:45  Zealot x2  
  91  6:46  Zealot x3  
  101  6:47  Zealot  
  103  6:56  Probe x3  
  106  7:13  Zealot  
  106  7:14  Zealot x3  
  114  7:17  Pylon  
  114  7:19  Pylon  
  114  7:23  Pylon x2  
  114  7:36  Observer  
  115  7:38  Zealot x5  
  115  7:42  Zealot  
  123  7:51  Probe x3  
  124  8:00  Zealot x4  
  127  8:06  Zealot x2  
  127  8:10  Probe x3  

Tags
 
Add a new tag
Caveats
  • Supply blocks, unpowered buildings, or Contaminate may cause inaccurate times.
  • Supply counts are checked every 10 seconds.